 Dungeon Crawl Stone Soup version 0.31-a0-216-g22e908daa7 (webtiles) character file.

Game seed: 8017060126000309070

17 qw the Shooter (level 2, -3/16 HPs)
             Began as a Gargoyle Hexslinger on July 2, 2023.
             Slain by a quokka (4 damage)
             ... on level 1 of the Dungeon.
             The game lasted 00:00:12 (487 turns).

qw the Shooter (Gargoyle Hexslinger)                 Turns: 487, Time: 00:00:12

Health: -3/16      AC:  4    Str: 11    XL:     2   Next: 62%
Magic:  3/3        EV: 12    Int: 13    God:
Gold:   13         SH:  0    Dex: 12    Spells: 2/3 levels left

rFire   . . .        a - +1 sling
rCold   . . .        (no shield)
rNeg    + . .        c - +0 robe
rPois   inf          (no helmet)
rElec   +            (no cloak)
rCorr   .            (no gloves)
SInv    .            (no boots)
Will    .....        (no amulet)
Stlth   +            (no ring)
HPRegen 0.22/turn    (no ring)
MPRegen 0.08/turn

%: no passive effects
@: no status effects
A: sickness immunity, AC +2, negative energy resistance 1, electricity
resistance, torment resistance 1, petrification resistance
a: no special abilities


You were on level 1 of the Dungeon.
You visited 1 branch of the dungeon, and saw 1 of its levels.

You collected 13 gold pieces.


Innate Abilities, Weirdness & Mutations

You are immune to sickness and miasma.
Your stone body is resilient. (AC +2)
You are immune to poison.
You resist negative energy. (rN+)
You are resistant to electric shocks. (rElec)
You are resistant to unholy torment.
You are immune to petrification.


   Skills:
 + Level 1.4 Fighting
 - Level 3.0 Ranged Weapons
 - Level 1.5 Dodging
 - Level 1.0 Spellcasting
 - Level 2.6 Hexes


You had 2 spell levels left.
You knew the following spells:

 Your Spells              Type           Power      Damage    Failure   Level
a - Slow                  Hex            28%        N/A       10%         1

Your spell library contained the following spells:

 Spells                   Type           Power      Damage    Failure   Level
 Inner Flame              Hex/Fire       4%         N/A       43%         3
 Portal Projectile        Hex/Tloc       8%         N/A       43%         3
 Cause Fear               Hex            3%         N/A       67%         4

Inventory:

Hand Weapons
 a - a +1 sling (weapon)
Armour
 c - a +0 robe (worn)
Scrolls
 b - a scroll of poison
 d - a scroll of enchant armour {unknown}
 f - a scroll of teleportation {unknown}
 h - 2 scrolls of immolation {unknown}
Potions
 e - a potion of curing {unknown}
 g - a potion of heal wounds {unknown}
 i - a potion of enlightenment {unknown}

Dungeon Overview and Level Annotations

Branches:
Dungeon (1/15)

Altars:


Message History

Enter note: You shoot a sling bullet.
The sling bullet hits the goblin!
You kill the goblin!
A quokka comes into view.
You shoot a sling bullet.
The sling bullet closely misses the quokka.
The quokka closely misses you.
You shoot a sling bullet.
The sling bullet barely misses the quokka.
The quokka barely misses you.
You shoot a sling bullet.
The sling bullet hits the quokka but does no damage.
The quokka closely misses you.
You shoot a sling bullet. The sling bullet misses the quokka.
The quokka bites you but does no damage.
The quokka bites you.
You shoot a sling bullet.
The sling bullet hits the quokka but does no damage.
The quokka bites you but does no damage.
You shoot a sling bullet.
The sling bullet closely misses the quokka.
The quokka closely misses you. The quokka bites you.
You shoot a sling bullet.
The sling bullet closely misses the quokka.
The quokka completely misses you.
You shoot a sling bullet.
The sling bullet hits the quokka but does no damage.
The quokka bites you.
The quokka bites you but does no damage.
You shoot a sling bullet. The sling bullet hits the quokka.
The quokka is almost dead.
The quokka closely misses you.
You shoot a sling bullet.
The sling bullet closely misses the quokka.
The quokka bites you. x2
You shoot a sling bullet.
The sling bullet hits the quokka but does no damage.
The quokka is almost dead.
The quokka bites you.
You die...

##.#.###.###.###.##.#
%.....#..# #........#
##.......# #####.####
#####.### #.# #.# #.#
#.# #.# # #.# #.# #@#
#r#.).# ## #. .#=# .+
.. .. .. ## ##. .#.
## ## ##.# # #+#


You could see a quokka.

Vanquished Creatures
  A dart slug (D:1)
  4 ball pythons (D:1)
  A bat (D:1)
  3 giant cockroaches (D:1)
  2 goblins (D:1)
  A frilled lizard (D:1)
  2 kobolds (D:1)
14 creatures vanquished.

Notes
Turn   | Place    | Note
-------+----------+-------------------------------------------
     0 | D:1      | qw the Gargoyle Hexslinger began the quest for the Orb.
     0 | D:1      | Reached XP level 1. HP: 12/12 MP: 2/2
     0 | D:1      | 0 ||| qw: Version: 0.3-a-35-g05ef00e
     0 | D:1      | 0 ||| qw: Game counter: 7812
     0 | D:1      | 0 ||| qw: Melee chars always use a shield: true
     0 | D:1      | 0 ||| qw: God list: Okawaru
     0 | D:1      | 0 ||| qw: Allow faded altars: false
     0 | D:1      | 0 ||| qw: Do Orc after clearing Dungeon:15 true
     0 | D:1      | 0 ||| qw: Do second Lair branch before Depths: true
     0 | D:1      | 0 ||| qw: Lair rune preference: random
     0 | D:1      | 0 ||| qw: Goals: Normal
     0 | D:1      | 0 ||| PLANNING D:1-11
   169 | D:1      | HP: 3/12 [frilled lizard (1)]
   170 | D:1      | Reached XP level 2. HP: 4/16 MP: 3/3
   383 | D:1      | Reached skill level 3 in Ranged Weapons
   486 | D:1      | HP: 3/16 [quokka (3)]
   486 | D:1      | HP: 1/16 [quokka (2)]
   487 | D:1      | Slain by a quokka

Levels and vault maps discovered:
D:1:      mrwooster_arrival_statue, layout_loops_corners

Skill      XL: |  1  2 |
---------------+-------+-----
Ranged Weapons | 3 |  3.0
Fighting       | |  1.4
Dodging        | |  1.5
Spellcasting   | |  1.0
Hexes          | |  2.6

Action                     || total
---------------------------++-------
   Fire: Sling             ||    59
 Armour: Robe              ||    10
  Dodge: Dodged            ||    15

Table legend:
 A = Non-vault XP
 B = Vault XP
 C = Vault XP percentage of total XP
 D = Non-vault monster count
 E = Vault monster count
 F = Vault count percentage of total count
                 A         B        C        D         E       F
            +---------+---------+-------+---------+---------+-------
      Total |      25 |       0 |   0.0 |      14 |       0 |   0.0
            +---------+---------+-------+---------+---------+-------
        D:1 |      25 |       0 |   0.0 |      14 |       0 |   0.0
            +---------+---------+-------+---------+---------+-------
